Map: Abyssal Reef LE

Players

ViBE - Winner!

  • Race: Zerg Zerg
  • League: Master
  • Spawn Location: 5:00

A.I. 1 (Medium)

  • Race: Protoss Protoss
  • Spawn Location: 11:00

VOD

Have the link to the VOD?

Description

Time

  • Played on: April 28, 2025, 1:52 p.m.
  • Length: 8:14
Show
View Real Time Build Order
Export as new Build Order

ViBE Zerg - Winner!

Build Orders: Hatch First 

Get SALT Encoding   

  12  0:01  Drone  
  13  0:12  Overlord  
  13  0:17  Drone  
  14  0:30  Drone x2  
  16  0:47  Hatchery  
  15  0:50  Drone  
  15  0:53  Drone  
  17  0:58  Drone  
  18  1:11  Spawning Pool  
  18  1:15  Extractor  
  18  1:16  Drone  
  17  1:19  Drone  
  18  1:27  Drone  
  19  1:40  Drone  
  20  1:50  Overlord  
  20  1:58  Queen  
  20  1:59  Queen  
  20  2:01  Drone x2  
  26  2:20  Hatchery  
  25  2:24  Drone x2  
  25  2:29  Metabolic Boost  
  27  2:33  Drone  
  27  2:34  Drone  
  29  2:43  Queen  
  31  2:48  Overlord  
  32  2:51  Drone  
  32  2:54  Drone  
  32  2:56  Drone  
  34  2:59  Drone  
  34  3:00  Drone  
  36  3:09  Drone  
  36  3:10  Drone x3  
  40  3:14  Drone  
  41  3:23  Hatchery  
  40  3:28  Queen  
  40  3:32  Drone x2  
  45  3:34  Drone  
  45  3:38  Drone x2  
  45  3:41  Overlord  
  47  3:45  Overlord  
  47  3:49  Drone x3  
  47  3:54  Overlord  
  50  4:02  Drone x3  
  53  4:03  Drone x2  
  53  4:05  Lair  
  55  4:10  Drone x4  
  55  4:16  Drone  
  55  4:17  Drone x4  
  63  4:22  Roach Warren  
  63  4:26  Queen  
  65  4:32  Drone x5  
  65  4:36  Drone  
  65  4:37  Drone x3  
  74  4:39  Overlord  
  74  4:42  Overlord  
  74  4:44  Drone  
  74  4:45  Drone x2  
  77  4:54  Overlord x2  
  77  4:56  Drone x3  
  77  4:57  Drone x2  
  77  4:58  Drone x4  
  86  5:03  Glial Reconstitution  
  86  5:08  Extractor  
  86  5:09  Drone, Extractor x2  
  86  5:10  Drone x5, Extractor x2  
  87  5:15  Hatchery, Evolution Chamber  
  87  5:16  Drone x3  
  87  5:17  Drone  
  87  5:18  Drone x2  
  87  5:19  Drone  
  92  5:22  Overlord  
  92  5:23  Overlord  
  92  5:25  Drone  
  92  5:26  Drone x2  
  95  5:38  Overlord x2  
  95  5:39  Roach x5  
  95  5:41  Zerg Missile Weapons Level 1  
  105  5:51  Roach x7  
  119  6:02  Hatchery  
  118  6:05  Roach x8  
  118  6:06  Roach  
  118  6:07  Overlord x3  
  136  6:13  Overlord x2  
  136  6:14  Overlord x3  
  136  6:16  Roach x2  
  142  6:18  Roach x2  
  144  6:28  Roach x6  
  156  6:33  Roach x5  
  156  6:34  Roach  
  156  6:39  Roach x2  
  172  6:42  Roach x3  
  172  6:45  Roach x4  
  186  6:49  Roach x2  
  186  6:51  Roach  
  192  6:55  Roach  
  192  6:57  Roach  
  192  6:58  Roach  
  192  6:59  Roach  
  198  7:12  Roach x2  
  198  7:20  Roach x2  
Show
View Real Time Build Order
Export as new Build Order

A.I. 1 (Medium) Protoss 

Build Orders: 1 Gate Expand 

Get SALT Encoding   

  12  0:00  Probe  
  13  0:13  Probe  
  14  0:19  Pylon  
  14  0:25  Probe  
  15  0:33  Probe  
  15  0:39  Gateway  
  15  0:41  Probe  
  17  1:09  Probe  
  17  1:12  Nexus  
  18  1:27  Zealot  
  18  1:30  Pylon  
  18  1:32  Assimilator  
  20  1:42  Cybernetics Core  
  20  1:44  Probe  
  21  1:56  Probe  
  22  2:04  Probe  
  22  2:08  Gateway  
  23  2:09  Stalker  
  23  2:15  Assimilator  
  23  2:21  Probe  
  25  2:24  Pylon  
  26  2:34  Probe  
  26  2:36  Adept  
  27  2:41  Warp Gate  
  29  2:47  Probe  
  30  2:55  Adept  
  32  3:10  Assimilator  
  32  3:13  Adept  
  32  3:16  Probe  
  32  3:18  Probe  
  36  3:27  Probe  
  36  3:28  Probe  
  36  3:31  Adept  
  40  3:40  Probe  
  41  3:43  Probe  
  42  3:49  Sentry  
  42  3:51  Pylon  
  42  3:53  Probe  
  45  3:56  Probe  
  45  4:00  Zealot  
  46  4:05  Probe  
  46  4:08  Probe  
  51  4:17  Probe  
  51  4:22  Pylon, Probe  
  52  4:26  Probe  
  52  4:29  Adept  
  55  4:34  Probe  
  55  4:36  Probe  
  57  4:46  Sentry  
  57  4:47  Probe  
  57  4:48  Pylon  
  57  4:50  Probe  
  61  4:59  Probe  
  62  5:04  Stalker  
  62  5:05  Forge  
  62  5:06  Probe  
  65  5:08  Robotics Facility  
  65  5:11  Pylon  
  65  5:12  Probe  
  66  5:18  Probe  
  67  5:22  Stalker  
  67  5:23  Probe  
  70  5:30  Probe  
  70  5:31  Probe  
  70  5:33  Pylon  
  71  5:39  Probe  
  71  5:40  Adept  
  71  5:41  Photon Cannon  
  71  5:42  Pylon, Probe  
  75  5:44  Photon Cannon  
  76  5:52  Pylon  
  76  5:54  Pylon  
  76  5:55  Stargate  
  76  5:56  Observer  
  77  5:58  Twilight Council, Adept  
  79  6:13  Observer  
  79  6:16  Adept  
  79  6:17  Gateway  
  82  6:19  Probe  
  82  6:31  Assimilator  
  82  6:49  Probe  
  83  7:03  Stalker  
  75  7:10  Zealot  
  61  7:17  Stalker  
  53  7:27  Probe  
  55  7:30  Probe  
  54  7:39  Zealot  
  54  7:42  Probe  
  44  7:46  Stalker  
  30  7:54  Probe  
  5  8:10  Zealot  
Tags
 
Add a new tag
Caveats
  • Supply blocks, unpowered buildings, or Contaminate may cause inaccurate times.
  • Supply counts are checked every 10 seconds.